 Seeded DCSS version 0.31-a0-232-gb1c03b2570 (webtiles) character file.

Game seed: 13427028259722252286 (custom seed)

137 innerfire43 the Chopper (level 5, 0/41 HPs)
             Began as a Demonspawn Monk on July 7, 2023.
             Splashed by a jelly's acid (3 damage)
             ... on level 3 of the Dungeon.
             The game lasted 00:02:29 (2420 turns).

innerfire43 the Chopper (Demonspawn Monk)           Turns: 2420, Time: 00:02:29

Health: 0/41       AC:  0    Str: 13    XL:     5   Next: 0%
Magic:  7/7        EV: 13    Int: 12    God:
Gold:   67         SH:  0    Dex: 15    Spells: 7/7 levels left

rFire   + . .        a - +0 hand axe
rCold   + . .        d - orb {light}
rNeg    . . .        b - +0 robe
rPois   +            o - +0 helmet
rElec   +            g - +0 cloak
rCorr   +            f - +0 pair of gloves
SInv    .            q - +0 pair of boots
Will    .....        (no amulet)
Stlth   +            (no ring)
HPRegen 0.26/turn    (no ring)
MPRegen 0.10/turn

%: no passive effects
@: resistant, corroded, glowing
A: thin metallic scales 1, demonic guardian 1
a: no special abilities


You were on level 3 of the Dungeon.
You visited 1 branch of the dungeon, and saw 3 of its levels.

You collected 67 gold pieces.

Inventory:

Hand Weapons
 a - a +0 hand axe (weapon)
Armour
 b - a +0 robe (worn)
 d - an orb of light (worn)
 f - a +0 pair of gloves (worn)
 g - a +0 cloak (worn)
 o - a +0 helmet (worn)
 q - a +0 pair of boots (worn)
Jewellery
 m - a +6 ring of strength
 n - a ring of willpower
Scrolls
 h - 2 scrolls of revelation {unknown}
 i - 2 scrolls of teleportation {unknown}
 j - a scroll of immolation {unknown}
 l - a scroll of identify {unknown}
 r - a scroll of poison {unknown}
 s - a scroll of enchant weapon {unknown}
Potions
 c - a potion of ambrosia
 e - a potion of attraction {unknown}
 p - a potion of cancellation


   Skills:
 - Level 3.0 Fighting
 * Level 3.8 Axes
 + Level 1.5 Armour
 + Level 3.4 Dodging
 + Level 1.5 Spellcasting


You had 7 spell levels left.
You didn't know any spells.
Your spell library was empty.

Dungeon Overview and Level Annotations

Branches:
Dungeon (3/15)

Altars:

Shops:
D:1 (   D:2 :


Innate Abilities, Weirdness & Mutations

You are partially covered in thin metallic scales. (AC +2)
A weak demonic guardian rushes to your aid.


Message History

The jelly hits you.
You are splashed with acid.
You hit the jelly but do no damage.
Your hands burn!
The jelly hits you but does no damage. x2
A jelly is nearby!
You hit the jelly. The acid corrodes you!
Your hands burn!
The jelly is lightly wounded.
The jelly closely misses you.
You hit the jelly but do no damage.
Your hands burn!
The jelly is lightly wounded.
The jelly closely misses you.
You hit the jelly. The acid corrodes you!
Your hands burn!
The jelly is moderately wounded.
The jelly closely misses you.
You hit the jelly.
Your hands burn!
The jelly is heavily wounded.
The jelly hits you. The acid corrodes you!
You are splashed with acid!
You hit the jelly but do no damage.
Your hands burn!
The jelly is heavily wounded.
The jelly misses you.
Unknown command.
You hit the jelly.
Your hands burn!
* * * LOW HITPOINT WARNING * * *
The jelly is severely wounded.
The jelly completely misses you.
Unknown command.
It was a potion of cancellation.
Your magical effects are unravelling.
You feel magically purged.
You are no longer corroded.
The jelly hits you.
* * * LOW HITPOINT WARNING * * *
The acid corrodes you!
You are splashed with acid!
* * * LOW HITPOINT WARNING * * *
A demonic guardian appears!
It was a potion of resistance.
You feel protected. The jelly hits you.
* * * LOW HITPOINT WARNING * * *
The acid corrodes you!
You are splashed with acid.
You resist.
You die...

. ...
.....########
.....5J@...>#
......#####.#
..... #.#
.... #.# ...
#.# .. #.# .
#.# #.# #.#


You could see a jelly (ally target) and a friendly shadow imp (summoned).

Vanquished Creatures
  Natasha (twice) (D:2)
  An adder (D:3)
  2 dart slugs
  An orc (D:3)
  2 bats (D:1)
  5 endoplasms
  3 giant cockroaches (D:1)
  5 goblins
  A hobgoblin (D:2)
  3 quokkas
  4 ball pythons
  5 frilled lizards (D:1)
  8 kobolds
  7 rats
49 creatures vanquished.

Vanquished Creatures (collateral kills)
  Natasha (D:2)
  An endoplasm (D:2)
2 creatures vanquished.

Grand Total: 51 creatures vanquished

Notes
Turn   | Place    | Note
-------+----------+-------------------------------------------
     0 | D:1      | innerfire43 the Demonspawn Monk began the quest for the
                  | Orb.
     0 | D:1      | Reached XP level 1. HP: 18/18 MP: 1/1
   181 | D:1      | Gained mutation: You are partially covered in thin metallic
                  | scales. (AC +2) [demonic ancestry]
   181 | D:1      | Reached XP level 2. HP: 24/24 MP: 2/2
   486 | D:1      | Found Foghidol's Weapon Shoppe.
   578 | D:1      | Gained mutation: A weak demonic guardian rushes to your
                  | aid. [demonic ancestry]
   578 | D:1      | Reached XP level 3. HP: 29/29 MP: 3/3
  1010 | D:2      | Noticed Natasha
  1017 | D:2      | Killed Natasha
  1018 | D:2      | Reached skill level 1 in Armour
  1018 | D:2      | Reached skill level 1 in Spellcasting
  1414 | D:2      | Reached XP level 4. HP: 35/35 MP: 5/5
  1601 | D:2      | Noticed Natasha
  1617 | D:2      | Killed Natasha
  1678 | D:2      | Noticed Natasha
  1689 | D:2      | Killed Natasha
  1800 | D:2      | Found Demuomoto's Book Emporium.
  2377 | D:3      | Reached XP level 5. HP: 41/41 MP: 7/7
  2420 | D:3      | Splashed by a jelly's acid

Illustrated notes

Levels and vault maps discovered:
D:1:      nzn_arrival_depleted_hourglass, layout_basic, serial_shops, shop,
          nicolae_houndstooth_variations
D:2:      layout_basic, serial_shops, nicolae_shop_getting_attention,
          uniq_natasha
D:3:      layout_basic

Skill      XL: |  1  2  3 |
---------------+----------+-----
Axes           | 3 |  3.8
Dodging        | 3 |  3.4
Armour         | 1 |  1.5
Spellcasting   | 1 |  1.5
Fighting       | |  3.0

Action                     |  1- 3 |  4- 6 || total
---------------------------+-------+-------++-------
  Melee: Hand axe          |    96 |    48 ||   144
    Use: Potion            |       |     2 ||     2
 Armour: Robe              |    26 |    13 ||    39
  Dodge: Dodged            |    66 |    29 ||    95

Table legend: (Time is in decaauts)
 A = Elapsed time spent in this place.
 B = Non-inter-level travel time spent in this place.
 C = Inter-level travel time spent in this place.
 D = Time resting spent in this place.
 E = Time spent auto-exploring this place.
 F = Levels seen in this place.
 G = Mean time per level.
                   A        B        C        D        E       F      G
               +--------+--------+--------+--------+--------+-----+--------+
         Total |   2445 |   2165 |    280 |      0 |   1780 |   3 |  815.0 |
       Dungeon |   2445 |   2165 |    280 |      0 |   1780 |   3 |  815.0 |
               +--------+--------+--------+--------+--------+-----+--------+

Top non-repeatable levels by time:
     D:2: 1274 daAuts
     D:1: 1020 daAuts
     D:3: 150 daAuts
